 Dungeon Crawl Stone Soup version 0.30.0-11-gf55b779eaf (webtiles) character file.

Game seed: 810335268690463223

95 hawla the Firebug (level 4, -2/24 HPs)
             Began as a Deep Elf Fire Elementalist on May 16, 2023.
             Killed by nerve-wracking pain
             ... invoked by an orc priest
              (8 damage)
             ... on level 3 of the Dungeon.
             The game lasted 00:04:29 (2374 turns).

hawla the Firebug (Deep Elf Fire Elementalist)      Turns: 2374, Time: 00:04:30

Health: -2/24      AC:  2    Str:  5    XL:     4   Next: 40%
Magic:  5/12       EV: 13    Int: 22    God:
Gold:   116        SH:  0    Dex: 15    Spells: 4/11 levels left

rFire   . . .        g - +0 dagger
rCold   . . .        (no shield)
rNeg    . . .        a - +0 robe
rPois   .            (no helmet)
rElec   .            (no cloak)
rCorr   .            (no gloves)
SInv    .            (no boots)
Will    .....        (no amulet)
Stlth   ++           (no ring)
HPRegen 0.24/turn    (no ring)
MPRegen 0.13/turn

%: no passive effects
@: mighty, very slightly contaminated
A: no striking features
a: no special abilities


You were on level 3 of the Dungeon.
You visited 1 branch of the dungeon, and saw 4 of its levels.

You collected 116 gold pieces.

Inventory:

Hand Weapons
 g - a +0 dagger (weapon)
Armour
 a - a +0 robe (worn)
Scrolls
 d - 3 scrolls of enchant armour {unknown}
 f - a scroll of fog {unknown}
 j - a scroll of noise {unknown}
 k - a scroll of blinking {unknown}
 m - 3 scrolls of magic mapping {unknown}
Potions
 b - a potion of magic
 c - a potion of brilliance {unknown}
 e - a potion of invisibility {unknown}
 h - a potion of might
 i - a potion of flight {unknown}
 l - a potion of degeneration {unknown}


   Skills:
 - Level 2.8 Dodging
 - Level 2.8 Stealth
 - Level 4.2 Spellcasting
 + Level 1.8 Conjurations
 - Level 4.5 Fire Magic


You had 4 spell levels left.
You knew the following spells:

 Your Spells              Type           Power      Damage    Failure   Level
a - Foxfire               Conj/Fire      72%        2x1d7     3%          1
b - Scorch                Fire           48%        2d7       2%          2
c - Flame Wave            Conj/Fire      18%        2d7       28%         4

Your spell library contained the following spells:

 Spells                   Type           Power      Damage    Failure   Level
 Inner Flame              Hex/Fire       14%        N/A       13%         3
 Volatile Blastmotes      Fire/Tloc      28%        2d12      13%         3


Dungeon Overview and Level Annotations

Branches:
Dungeon (4/15)
 Temple: D:4-7

Altars:
Uskayaw


Message History

Found a scroll labelled NUOS GEORI.
Found a silvery potion.
There is an escape hatch in the ceiling here.
Casting: Foxfire (safe; 3% risk of failure)
Confirm with . or Enter, or press ? or * to list all spells.
You conjure some foxfire!
Casting: Foxfire (safe; 3% risk of failure)
Confirm with . or Enter, or press ? or * to list all spells.
You conjure some foxfire!
The foxfire hits the kobold!
You kill the kobold!
Casting: Foxfire (safe; 3% risk of failure)
Confirm with . or Enter, or press ? or * to list all spells.
You conjure some foxfire!
Your foxfire dissipates! x2
A mysterious force pulls you upwards. The hatch slams shut behind you.
You hear the sound of rushing water.
There is an entrance to a sewer on this level.
Hurry and find it before the portal rusts away!
The orc shouts! x2; The orc priest shouts!
The orc shouts! x2
Found 15 gold pieces.
Unknown command.
Casting: Foxfire (safe; 3% risk of failure)
Confirm with . or Enter, or press ? or * to list all spells.
The spell is astonishingly dangerous to miscast (28% risk of failure)!
Continue anyway?
Casting: Flame Wave (astonishingly dangerous; 28% risk of failure)
Press: ? - help, Dir - look around, f - activate You miscast Flame Wave.
You are very lightly contaminated with residual magic.
Nothing appears to happen.
The orc barely misses you.
The orc priest calls down the wrath of Beogh upon you.
Pain shoots through your body!
Ouch! That really hurt!
The orc priest calls down the wrath of Beogh upon you.
Pain shoots through your body!
* * * LOW HITPOINT WARNING * * *
Unknown command.
It was a potion of might.
You feel very mighty all of a sudden.
The orc priest invokes the aid of Beogh against you.
Pain shoots through your body!
You die...

.# ########.#
##........# .
##.oo......#.#
.#$....o......#
.#⌠oo........#
#$..........#
#...o@....#
##..o.....#
########.# #


You could see 2 orc priests and 5 orcs.

Vanquished Creatures
  3 adders (D:2)
  2 dart slugs
  2 orcs (D:4)
  4 endoplasms
  A giant cockroach (D:2)
  8 goblins
  5 hobgoblins
  6 jackals (D:1)
  7 kobolds
  2 quokkas
  6 bats (D:1)
  2 frilled lizards (D:1)
  7 rats
55 creatures vanquished.

Vanquished Creatures (others)
  138 foxfires
138 creatures vanquished.

Grand Total: 193 creatures vanquished

Notes
Turn   | Place    | Note
-------+----------+-------------------------------------------
     0 | D:1      | hawla the Deep Elf Fire Elementalist began the quest for
                  | the Orb.
     0 | D:1      | Reached XP level 1. HP: 10/10 MP: 6/6
   254 | D:1      | Reached XP level 2. HP: 15/15 MP: 6/8
   266 | D:1      | Learned a level 2 spell: Scorch
   736 | D:1      | Reached XP level 3. HP: 19/19 MP: 4/9
  1835 | D:2      | Reached XP level 4. HP: 24/24 MP: 7/12
  2048 | D:2      | You fall into a shaft and drop 2 floors!
  2160 | D:4      | Found a hide-covered altar of Uskayaw.
  2278 | D:4      | Noticed an ogre
  2287 | D:4      | Learned a level 4 spell: Flame Wave
  2374 | D:3      | Killed from afar by an orc priest

Illustrated notes

Levels and vault maps discovered:
D:1:      matt_arrival_los_fun, layout_basic
D:2:      layout_rooms, shapermc_ecumenical_altar_acropolis, serial_shops, shop
D:3:      cheibrodos_pilgrimage, layout_basic, mainiacjoe_overflow_alcove_1,
          lightli_sewer_entry_pipes, nrook_campfire, minmay_ruptured,
          uniq_natasha
D:4:      layout_cave_pods, nicolae_overflow_hidden_temple,
          eino_small_chamber_without_monster

Skill      XL: |  1  2  3 |
---------------+----------+-----
Fire Magic     | 4 |  4.5
Spellcasting   | 4 |  4.2
Dodging        | |  2.8
Stealth        | |  2.8
Conjurations   | |  1.8

Action                     |  1- 3 |  4- 6 || total
---------------------------+-------+-------++-------
  Melee: Unarmed           |    10 |       ||    10
   Cast: Foxfire           |    70 |    19 ||    89
         Scorch            |     6 |     4 ||    10
    Use: Potion            |       |     1 ||     1
 Armour: Robe              |     5 |       ||     5
  Dodge: Dodged            |    18 |     7 ||    25
